 Dungeon Crawl Stone Soup version 0.20.1-1-g8b1a95d (webtiles) character file.

74 Zedayar the Ruffian (level 4, -6/44 HPs)
             Began as a Troll Monk on Sept 4, 2017.
             Was an Initiate of Yredelemnul.
             Mangled by a worm (8 damage)
             ... on level 2 of the Dungeon.
             The game lasted 00:05:14 (1194 turns).

Zedayar the Ruffian (Troll Monk)                    Turns: 1194, Time: 00:05:15

Health: -6/44      AC:  5    Str: 20    XL:     4   Next: 9%
Magic:  3/3        EV: 10    Int:  6    God:    Yredelemnul [......]
Gold:   45         SH:  0    Dex: 12    Spells: 3/3 levels left

rFire    . . .     SeeInvis .     - Unarmed
rCold    . . .     Gourm    +   (no shield)
rNeg     . . .     Faith    .   a - +0 robe
rPois    .         Spirit   .   (helmet restricted)
rElec    .         Reflect  .   (no cloak)
rCorr    .         Harm     .   (gloves unavailable)
MR       .....                  (boots unavailable)
Stlth    ++........             (no amulet)
Regen    0.6/turn               (no ring)
MPRegen  0.1/turn               (no ring)

@: no status effects
A: unfitting armour, claws 3, fast metabolism 3, gourmand, regeneration 1,
shaggy fur 1, tough skin 2
a: Renounce Religion


You were on level 2 of the Dungeon.
You worshipped Yredelemnul.
Yredelemnul was noncommittal.
You were full.

You visited 1 branch of the dungeon, and saw 2 of its levels.

You collected 45 gold pieces.

Inventory:

Armour
 a - a +0 robe (worn)
Jewellery
 e - an uncursed ring of protection from fire {unknown}
Scrolls
 c - 2 scrolls of fog {unknown}
 d - a scroll of enchant armour {unknown}
 g - a scroll of random uselessness {unknown}
 h - a scroll of remove curse {unknown}
 j - a scroll of magic mapping {unknown}
 l - a scroll of identify {unknown}
 m - a scroll of amnesia {unknown}
Potions
 i - a potion of degeneration {unknown}
 k - a potion of haste {unknown}
Comestibles
 b - 3 bread rations
 f - 3 fruits


   Skills:
 + Level 2.7 Fighting
 + Level 2.6 Dodging
 - Level 1.0 Stealth
 * Level 4.5 Unarmed Combat


You had 3 spell levels left.
You didn't know any spells.

Dungeon Overview and Level Annotations

Branches:
Dungeon (2/15)

Altars:
Yredelemnul
The Shining One
Lugonu

Annotations:
D:2 Terence


Innate Abilities, Weirdness & Mutations

You are too large for most types of armour.
You have claws for hands.
Your metabolism is lightning-fast.
You like to eat raw meat.
Your natural rate of healing is unusually fast.
You are covered in fur. (AC +1)
You have very tough skin. (AC +2)


Message History

You barely miss Terence. Terence hits you but does no damage.
You barely miss Terence. Terence hits you with a hand axe.
* * * LOW HITPOINT WARNING * * *
The worm misses you.
You claw Terence!
Terence is moderately wounded.
Terence hits you but does no damage.
You scratch Terence.
Terence is heavily wounded.
The worm bites you!
* * * LOW HITPOINT WARNING * * *
Unknown command.
You barely miss Terence.
Terence is heavily wounded.
Terence hits you but does no damage.
You closely miss Terence. You claw Terence.
Terence is almost dead.
Terence hits you but does no damage. The worm bites you!
You die...
Your body rises from the dead as a mindless zombie.

###...### #.......#
........##########
#................#
##....#.#.######.#
#.......#.# #.#
##....###.# ##.##
##.#.....#####w..##
#.#######....@@..#
#.# #.........#
#+## #........##
#...# ##.##...##
#..... #. ##.##
...... # ### ......
≈≈....


PP.... You could see Terence and a worm.

Vanquished Creatures
  Robin (D:2)
  An adder (D:2)
  An ooze (D:1)
  A worm (D:2)
  2 leopard geckos (D:1)
  4 bats (D:1)
  A giant cockroach (D:1)
  10 goblins
  5 hobgoblins
  4 jackals (D:1)
  2 frilled lizards (D:1)
  4 kobolds
  6 rats
42 creatures vanquished.

Notes
Turn   | Place    | Note
-------+----------+-------------------------------------------
     0 | D:1      | Zedayar the Troll Monk began the quest for the Orb.
     0 | D:1      | Reached XP level 1. HP: 22/22 MP: 0/0
   114 | D:1      | Reached XP level 2. HP: 25/29 MP: 1/1
   565 | D:1      | Reached XP level 3. HP: 31/36 MP: 2/2
   709 | D:2      | Reached skill level 4 in Unarmed Combat
   729 | D:2      | Noticed Robin
   742 | D:2      | Killed Robin
   826 | D:2      | Found a glowing golden altar of the Shining One.
   904 | D:2      | Found a basalt altar of Yredelemnul.
   933 | D:2      | Found a faded altar of an unknown god.
   971 | D:2      | Became a worshipper of Lugonu the Unformed
   971 | D:2      | Reached * piety under Lugonu
   971 | D:2      | Reached ** piety under Lugonu
   971 | D:2      | Reached *** piety under Lugonu
  1012 | D:2      | Fell from the grace of Lugonu
  1012 | D:2      | Became a worshipper of Yredelemnul the Dark
  1177 | D:2      | Noticed Terence
  1185 | D:2      | Reached XP level 4. HP: 22/44 MP: 3/3
  1192 | D:2      | HP: 1/44 [worm (9)]
  1194 | D:2      | Mangled by a worm

Skill      XL: |  1  2  3 |
---------------+----------+-----
Unarmed Combat | 4 |  4.5
Fighting       | |  2.7
Dodging        | |  2.6
Stealth        | |  1.0

Action                   |  1- 3 |  4- 6 || total
-------------------------+-------+-------++-------
Melee: Unarmed           |   101 |     6 ||   107
       Punch             |     2 |     1 ||     3
 Stab: Sleeping          |     2 |       ||     2
  Eat: Chunk             |    12 |       ||    12
       Fruit             |     1 |       ||     1
Armor: Robe              |    30 |     3 ||    33
Dodge: Dodged            |    41 |     4 ||    45
